 Dungeon Crawl Stone Soup version 0.22.1-2-g9c5b331383 (webtiles) character file.

2945 Marnok the Basher (level 9, -1/89 HPs)
             Began as a Troll Berserker on Dec 16, 2018.
             Was a High Priest of Trog.
             Slain by a death yak (29 damage)
             ... on level 7 of the Dungeon.
             The game lasted 00:47:15 (6664 turns).

Marnok the Basher (Troll Berserker)                 Turns: 6664, Time: 00:47:15

Health: -1/89      AC:  6    Str: 28    XL:     9   Next: 51%
Magic:  8/8        EV: 11    Int:  4    God:    Trog [*****.]
Gold:   354        SH:  0    Dex: 10    Spells: 8/8 levels left

rFire    + + .     SeeInvis .   i - +3 mace (venom)
rCold    x . .     Gourm    +   (no shield)
rNeg     . . .     Faith    .   a - +0 animal skin
rPois    .         Spirit   .   (helmet restricted)
rElec    .         Reflect  .   s - +0 cloak
rCorr    .         Harm     .   (gloves unavailable)
MR       .....                  (boots unavailable)
Stlth    +.........             (no amulet)
HPRegen  0.64/turn              (no ring)
MPRegen  0.11/turn              b - ring of fire

@: drained
A: large, unfitting armour, claws 3, hooves 1, fire resistance 1, fast
metabolism 3, gourmand, regeneration 1, shaggy fur 1, tough skin 2
a: Berserk, Trog's Hand, Brothers in Arms, Renounce Religion


You were on level 7 of the Dungeon.
You worshipped Trog.
Trog was extremely pleased with you.
You were not hungry.

You visited 1 branch of the dungeon, and saw 8 of its levels.

You collected 354 gold pieces.

Inventory:

Hand Weapons
 f - a +3 whip of electrocution
 h - a +6 dire flail of holy wrath
 i - a +3 mace of venom (weapon)
 q - a +2 quarterstaff of chaos
Armour
 a - a +0 animal skin (worn)
 s - a +0 cloak (worn)
Jewellery
 b - a ring of fire (right claw)
Scrolls
 d - 2 scrolls of identify
 g - a scroll of enchant weapon
 l - a scroll of random uselessness
 n - a scroll of magic mapping
 t - 5 scrolls of remove curse
Potions
 c - 3 potions of curing
 e - a potion of brilliance
 r - a potion of flight
Comestibles
 u - 3 rations


   Skills:
 + Level 5.7(5.2) Fighting
 + Level 8.2(7.7) Maces & Flails
 + Level 0.2(0.0) Throwing
 + Level 5.9(5.3) Dodging
 + Level 1.5(1.0) Stealth
 + Level 3.6(3.1) Unarmed Combat


You had 8 spell levels left.
You didn't know any spells.
Your spell library was empty.

Dungeon Overview and Level Annotations

Branches:
Dungeon (8/15)             Temple (0/1) D:4
   Lair: D:8-11

Altars:
Ashenzari
Elyvilon
Nemelex Xobeh
Zin
The Shining One

Annotations:
D:8 Gastronok


Innate Abilities, Weirdness & Mutations

You are too large for most types of armour.
You have claws for hands.
Your metabolism is lightning-fast.
You like to eat raw meat.
Your natural rate of healing is unusually fast.
You are covered in fur. (AC +1)
You have very tough skin. (AC +2)
You have large cloven feet.
Your flesh is heat resistant. (rF+)


Message History

The death yak gores you!
* * * LOW HITPOINT WARNING * * *
There is a stone staircase leading down here.
Firing (i - inventory) No suitable missiles.
Press: ? - help, Shift-Dir - straight line, f - death yak
Aim: a death yak (moderately wounded, poisoned)
Okay, then.
A jelly comes into view.
The jelly quivers.
Firing (i - inventory) No suitable missiles.
Press: ? - help, Shift-Dir - straight line, f/p - death yak
Aim: a death yak (moderately wounded, poisoned)
Okay, then.
The death yak looks more healthy.
The jelly closely misses you.
You sock the jelly!
You kill the jelly!
Trog accepts your kill. The death yak gores you!!
You die...

.#.#.#.#.#.#####.#.#
.#.#.#.#)#.#.......#
.#.#.#.#.#.#.###.###
.#...#.#.#.#.# #.#
.#####.#.#.#.# #.#
.......#.#.#.# #.#
########(#.#.# #.#
########.#.#.# #Y#
##......(..#.# #@#
##.#####.#.#.# #.#
##.........#.# #.#
##....######.# #.#
.#....'..)...# #.#
.#....######## #.#
....### #.# .#..#
#.# .#..#


You could see a death yak.

Vanquished Creatures
  Eustachio (D:6)
  Edmund (D:6)
  A water moccasin (D:7)
  3 ice beasts
  3 sky beasts
  3 centaurs
  4 ogres
  Blork the orc (D:6)
  2 bullfrogs
  3 scorpions
  A howler monkey (D:5)
  4 crimson imps
  2 bullfrog zombies (D:7)
  2 hounds
  Crazy Yiuf (D:6)
  3 orc priests
  A centaur skeleton (D:6)
  2 jellies
  2 iguanas
  Ijyb (D:4)
  3 orc wizards
  3 worker ants
  A hound skeleton (D:6)
  10 gnolls
  7 adders
  2 shadow imps
  2 oozes
  An adder skeleton (D:4)
  4 worms
  3 dart slugs
  3 leopard geckos
  21 orcs
  2 ball pythons
  8 bats
  9 giant cockroaches
  12 goblins
  7 hobgoblins
  12 jackals
  7 quokkas
  7 frilled lizards
  8 kobolds
  A leopard gecko skeleton (D:5)
  13 rats
187 creatures vanquished.

Vanquished Creatures (others)
  A hell rat (D:8)
1 creature vanquished.

Grand Total: 188 creatures vanquished

Notes
Turn   | Place    | Note
-------+----------+-------------------------------------------
     0 | D:1      | Marnok the Troll Berserker began the quest for the Orb.
     0 | D:1      | Reached XP level 1. HP: 22/22 MP: 0/0
   127 | D:1      | Reached XP level 2. HP: 29/29 MP: 1/1
   441 | D:1      | Reached XP level 3. HP: 15/36 MP: 2/2
   578 | D:2      | Reached ** piety under Trog
   720 | D:2      | Found a faded altar of an unknown god.
   783 | D:2      | Lost intelligence.
   856 | D:2      | Reached skill level 1 in Maces & Flails
  1023 | D:3      | Reached XP level 4. HP: 43/44 MP: 3/3
  1794 | D:3      | Gained mutation: You have large cloven feet. [potion of
                  | mutation]
  1794 | D:3      | Gained mutation: Your flesh is heat resistant. (rF+)
                  | [potion of mutation]
  1816 | D:3      | Found a sparkling altar of Nemelex Xobeh.
  1835 | D:3      | Lost intelligence.
  1918 | D:3      | Reached *** piety under Trog
  1946 | D:3      | Reached skill level 2 in Maces & Flails
  2154 | D:4      | Reached XP level 5. HP: 53/53 MP: 4/4
  2176 | D:5      | Entered Level 5 of the Dungeon
  2244 | D:4      | Found a staircase to the Ecumenical Temple.
  2393 | D:4      | Noticed Ijyb
  2409 | D:4      | Killed Ijyb
  2543 | D:4      | Reached skill level 3 in Maces & Flails
  2582 | D:4      | Reached XP level 6. HP: 43/61 MP: 5/5
  2628 | D:4      | Found a white marble altar of Elyvilon.
  2628 | D:4      | Found a shattered altar of Ashenzari.
  2971 | D:5      | Noticed a sky beast
  2974 | D:5      | Reached skill level 4 in Maces & Flails
  3082 | D:5      | Killed a sky beast
  3082 | D:5      | Reached **** piety under Trog
  3082 | D:5      | Reached XP level 7. HP: 28/68 MP: 6/6
  3226 | D:4      | HP: 3/70 [ice beast (16)]
  3364 | D:5      | Reached skill level 5 in Maces & Flails
  3557 | D:5      | Reached XP level 8. HP: 52/79 MP: 7/7
  3671 | D:5      | Reached skill level 1 in Stealth
  3966 | D:6      | Noticed Edmund
  4321 | D:6      | Reached skill level 6 in Maces & Flails
  4338 | D:6      | Found a runed door.
  4342 | D:6      | Noticed Crazy Yiuf
  4347 | D:6      | Killed Crazy Yiuf
  4481 | D:6      | Found a glowing silver altar of Zin.
  4501 | D:6      | Killed Edmund
  4611 | D:6      | Noticed Blork the orc
  4622 | D:6      | Killed Blork the orc
  4622 | D:6      | Reached skill level 5 in Fighting
  4622 | D:6      | Reached skill level 5 in Dodging
  4927 | D:6      | Found a glowing golden altar of the Shining One.
  4982 | D:6      | Noticed Eustachio
  4991 | D:6      | Killed Eustachio
  4991 | D:6      | Reached skill level 7 in Maces & Flails
  5286 | D:7      | Reached XP level 9. HP: 47/88 MP: 8/8
  5920 | D:7      | Reached skill level 8 in Maces & Flails
  5967 | D:7      | Reached ***** piety under Trog
  6058 | D:8      | Noticed a death yak
  6066 | D:8      | Noticed a death yak
  6067 | D:8      | Noticed a death yak
  6274 | D:8      | Noticed Gastronok
  6363 | D:8      | HP: 4/88 [Gastronok (27)]
  6664 | D:7      | Slain by a death yak

Skill      XL: |  1  2  3  4  5  6  7  8  9 |
---------------+----------------------------+-----
Maces & Flails | 1 2 3 4 5 7 8 |  8.2
Fighting       | 3 4 5 |  5.7
Dodging        | 3 4 5 |  5.9
Stealth        | 1 |  1.5
Throwing       | |  0.2
Unarmed Combat | |  3.6

Action                   |  1- 3 |  4- 6 |  7- 9 || total
-------------------------+-------+-------+-------++-------
Melee: Whip              |   118 |   196 |       ||   314
       Unarmed           |     2 |       |       ||     2
       Punch             |     2 |     2 |     5 ||     9
       Kick              |       |    40 |   102 ||   142
       Mace              |       |     2 |   276 ||   278
Throw: Javelin           |       |       |     5 ||     5
       Throwing net      |       |       |     1 ||     1
  Use: Potion            |     6 |     4 |     2 ||    12
       Scroll            |       |     9 |     6 ||    15
 Stab: Sleeping          |     2 |       |       ||     2
  Eat: Chunk             |     5 |    18 |    13 ||    36
       Ration            |     1 |     3 |     5 ||     9
Armor: Animal skin       |    74 |    81 |   113 ||   268
Dodge: Dodged            |    87 |   100 |   194 ||   381
